 Dungeon Crawl Stone Soup version 0.28-a0-938-gbc3f381ebc (webtiles) character file.

Game seed: 1237120093591390544

133 siradein the Charlatan (level 4, -1/34 HPs)
             Began as a Demonspawn Artificer on Nov 28, 2021.
             Slain by an adder (3 damage)
             ... on level 3 of the Dungeon.
             The game lasted 00:05:45 (4040 turns).

siradein the Charlatan (Demonspawn Artificer)       Turns: 4040, Time: 00:05:46

Health: -1/34      AC: 14    Str: 11 (12) XL:     4   Next: 93%
Magic:  4/4        EV:  2    Int: 11 (12) God:
Gold:   95         SH:  0    Dex: 12 (15) Spells: 3/3 levels left

rFire   . . .      SeeInvis .   j - +0 mace
rCold   . . .      Faith    .   (no shield)
rNeg    . . .      Spirit   .   h - +0 plate armour
rPois   .          Reflect  .   n - +0 helmet
rElec   .          Harm     .   (no cloak)
rCorr   .          Rampage  .   (no gloves)
Will    +....                   (no boots)
Stlth   ..........              (no amulet)
HPRegen 0.11/turn               l - ring of willpower
MPRegen 0.18/turn               (no ring)

@: brilliant
A: molten scales 1, powered by death 1, magic regeneration
a: no special abilities


You were on level 3 of the Dungeon.
You visited 1 branch of the dungeon, and saw 4 of its levels.

You collected 95 gold pieces.

Inventory:

Hand Weapons
 j - a +0 mace (weapon)
Missiles
 i - 38 poisoned darts (quivered)
Armour
 h - a +0 plate armour (worn)
 n - a +0 helmet (worn)
Jewellery
 l - a ring of willpower (left hand)
 r - a ring of wizardry
Wands
 c - a wand of flame (9)
 d - a wand of charming (15)
Scrolls
 a - a scroll of vulnerability {unknown}
 b - a scroll of torment {unknown}
 f - 2 scrolls of amnesia {unknown}
 g - 2 scrolls of identify {unknown}
 k - a scroll of fear {unknown}
 m - 2 scrolls of fog {unknown}
 o - a scroll of magic mapping {unknown}
 q - a scroll of enchant armour {unknown}
Potions
 p - a potion of brilliance
Miscellaneous
 e - a piece from Xom's chessboard (15/15)


   Skills:
 + Level 2.3 Fighting
 + Level 1.3 Maces & Flails
 + Level 2.6 Armour
 + Level 2.0 Dodging
 - Level 0.8 Stealth
 + Level 3.6 Evocations


You had 3 spell levels left.
You didn't know any spells.
Your spell library contained the following spells:

 Spells                   Type           Power      Damage    Failure   Level
 Pain                     Necr           0%         1d4       100%        1
 Stone Arrow              Conj/Erth      0%         3d7       100%        3
 Animate Armour           Summ/Erth      0%         N/A       100%        4
 Agony                    Necr           0%         N/A       100%        5
 Excruciating Wounds      Necr           0%         N/A       100%        5
 Lehudib's Crystal Spear  Conj/Erth      0%         10d2      100%        8


Dungeon Overview and Level Annotations

Branches:
Dungeon (4/15)
 Temple: D:4-7

Altars:

Shops:
D:3 **(

Annotations:
D:3 1 runed translucent door, Crazy Yiuf


Innate Abilities, Weirdness & Mutations

You are partially covered in molten scales. (AC +2)
You regenerate a little health from kills.
You regenerate magic rapidly.


Message History

The adder bites you.
You are poisoned.
The adder poisons you! The adder bites you but does no damage.
You closely miss the adder.
The adder is severely wounded.
You feel sick. The adder bites you but does no damage.
You closely miss the adder.
The adder is severely wounded.
You feel sick. The adder bites you.
* * * LOW HITPOINT WARNING * * *
The adder bites you but does no damage.
You barely miss the adder.
The adder is severely wounded.
You feel sick.
The adder bites you but does no damage. x2
It was a potion of brilliance.
You feel clever all of a sudden.
You feel sick.
You are no longer poisoned.
The adder bites you but does no damage.
It was a potion of degeneration.
There was something very wrong with that liquid.
You feel weakened.
You feel dopey.
You feel clumsy. The adder bites you but does no damage.
You closely miss the adder.
The adder is severely wounded.
The adder bites you but does no damage. x2
You miss the adder.
The adder is severely wounded.
The adder bites you but does no damage. The adder bites you.
* * * LOW HITPOINT WARNING * * *
You closely miss the adder.
The adder is severely wounded.
The adder bites you but does no damage. x2
You hit the adder.
The adder is almost dead.
The adder bites you but does no damage.
Your plate armour prevents you from hitting the adder.
The adder is almost dead.
The adder bites you.
You die...

#.##..........####.#####....
#.##..........####..........
###.########.........######..♣
#...# ##.#####..## #.♣. #.###
#####..# #..########♣.. #.#
#......## #.###.......♣. #.#
#.####<.###.#..>####...♣ #.#
#.# ##.##..#.### #..... #.#
#.# #@##)##.# ##.#### #.# #.#
#S##.#..####...## #.### #.#
###J##...#.....#..# #<..#
#.###..).)..#########.# ###.#
#...#.................# #.#
###.#.......#.......### #.#
##.....#.#.#.......#
###.####.......∩..#.....[.#
#........#....#.#.#......≈#


You could see an adder and an endoplasm.

Vanquished Creatures
  Robin (D:2)
  4 adders
  A worm (D:1)
  2 dart slugs (D:1)
  An orc (D:3)
  4 ball pythons
  6 bats
  2 endoplasms
  A giant cockroach (D:1)
  18 goblins
  9 hobgoblins
  2 jackals (D:1)
  2 quokkas
  6 frilled lizards
  11 kobolds
  3 rats
73 creatures vanquished.

Notes
Turn   | Place    | Note
-------+----------+-------------------------------------------
     0 | D:1      | siradein the Demonspawn Artificer began the quest for the
                  | Orb.
     0 | D:1      | Reached XP level 1. HP: 15/15 MP: 1/1
    82 | D:1      | Reached skill level 1 in Dodging
   761 | D:1      | Gained mutation: You are partially covered in molten
                  | scales. (AC +2) [demonic ancestry]
   761 | D:1      | Reached XP level 2. HP: 3/21 MP: 2/2
  1810 | D:1      | Gained mutation: You regenerate a little health from kills.
                  | [demonic ancestry]
  1810 | D:1      | Reached XP level 3. HP: 26/26 MP: 3/3
  2263 | D:2      | Noticed Robin
  2355 | D:2      | Killed Robin
  2356 | D:2      | Gained mutation: You regenerate magic rapidly. [demonic
                  | ancestry]
  2356 | D:2      | Reached XP level 4. HP: 29/33 MP: 4/4
  2363 | D:2      | Reached skill level 1 in Maces & Flails
  2858 | D:3      | Found Ethock's Assorted Antiques.
  2989 | D:3      | Found a runed translucent door.
  2990 | D:3      | Noticed Crazy Yiuf
  3711 | D:3      | Found Murr's Weapon Shop.
  3922 | D:3      | Found Niamene's General Store.
  4040 | D:3      | Slain by an adder

Illustrated notes

Levels and vault maps discovered:
D:1:      dpeg_arrival_arbitrary_b, layout_basic
D:2:      layout_basic, interstate_on_off, uniq_robin
D:3:      layout_rooms, serial_shops, nicolae_shop_crystal,
          nicolae_diamond_shop, nicolae_shop_crystal, nrook_uturn,
          glass_columns_a, minmay_goblin_outpost, uniq_crazy_yiuf_cottage
D:4:      layout_rooms, yredelemnul_altar_generic, fedhas_altar_3, serial_shops,
          nicolae_shop_behind_doors, biasface_ghost_orc_armoury

Skill      XL: |  1  2  3  4 |
---------------+-------------+-----
Dodging        | 1 2 |  2.0
Armour         | 2 |  2.6
Fighting       | 2 |  2.3
Maces & Flails | 1 |  1.3
Stealth        | |  0.8
Evocations     | |  3.6

Action                   |  1- 3 |  4- 6 || total
-------------------------+-------+-------++-------
Melee: Club              |    40 |       ||    40
       Mace              |   153 |   127 ||   280
       Short sword       |     6 |       ||     6
Throw: Dart              |       |     4 ||     4
Evoke: Wand              |     6 |       ||     6
       Piece from Xom's  |     2 |       ||     2
  Use: Potion            |       |     2 ||     2
 Stab: Paralysed         |     2 |       ||     2
Armor: Leather armour    |    17 |       ||    17
       Plate armour      |   175 |   150 ||   325
Dodge: Dodged            |    77 |    28 ||   105

Table legend: (Time is in decaauts)
 A = Elapsed time spent in this place.
 B = Non-inter-level travel time spent in this place.
 C = Inter-level travel time spent in this place.
 D = Time resting spent in this place.
 E = Time spent auto-exploring this place.
 F = Levels seen in this place.
 G = Mean time per level.
                   A        B        C        D        E       F      G
               +--------+--------+--------+--------+--------+-----+--------+
         Total |   4158 |   4070 |     88 |    197 |   2981 |   4 | 1039.5 |
       Dungeon |   4158 |   4070 |     88 |    197 |   2981 |   4 | 1039.5 |
               +--------+--------+--------+--------+--------+-----+--------+

Top non-repeatable levels by time:
     D:1: 1891 daAuts
     D:2: 1247 daAuts
     D:3: 1015 daAuts
     D:4: 4 daAuts
